 Dungeon Crawl Stone Soup version 0.27.0-1-g7a089689b8 (webtiles) character file.

Game seed: 9074365884978909281

39 pkoi the Ruffian (level 3, -1/28 HPs)
             Began as a Draconian Transmuter on Aug 6, 2021.
             Slain by Sigmund (5 damage)
             ... on level 2 of the Dungeon.
             The game lasted 00:02:29 (2304 turns).

pkoi the Ruffian (Draconian Transmuter)             Turns: 2304, Time: 00:02:30

Health: -1/28      AC:  8    Str: 12    XL:     3   Next: 26%
Magic:  4/6        EV: 12    Int: 14    God:
Gold:   94         SH:  0    Dex: 11    Spells: 2/6 levels left

rFire    . . .     SeeInvis .     - Unarmed
rCold    . . .     Faith    .   (no shield)
rNeg     . . .     Spirit   .   (armour unavailable)
rPois    .         Reflect  .   (helmet restricted)
rElec    .         Harm     .   e - +2 cloak
rCorr    .         Rampage  .   (no gloves)
Will     .....                  (no boots)
Stlth    +.........             (no amulet)
HPRegen  0.09/turn              (no ring)
MPRegen  0.10/turn              (no ring)

@: brilliant
A: AC +5, unfitting armour, cold-blooded
a: no special abilities


You were on level 2 of the Dungeon.
You visited 1 branch of the dungeon, and saw 2 of its levels.

You collected 94 gold pieces.

Inventory:

Missiles
 d - a throwing net
Armour
 e - a +2 cloak (worn)
Jewellery
 c - a +6 ring of strength
Scrolls
 b - 2 scrolls of teleportation


   Skills:
 - Level 1.1 Fighting
 - Level 1.7 Dodging
 + Level 3.7 Unarmed Combat
 - Level 2.0 Spellcasting
 + Level 2.9 Transmutations
 + Level 0.3 Poison Magic


You had 2 spell levels left.
You knew the following spells:

 Your Spells              Type           Power      Damage    Failure   Level
a - Beastly Appendage     Tmut           28%        N/A       7%          1
b - Spider Form           Tmut/Pois      4%         N/A       36%         3

Your spell library contained the following spells:

 Spells                   Type           Power      Damage    Failure   Level
 Wereblood                Tmut           14%        N/A       11%         2
 Ice Form                 Ice/Tmut       8%         N/A       78%         4


Dungeon Overview and Level Annotations

Branches:
Dungeon (2/15)

Altars:

Shops:
D:1 *

Annotations:
D:2 Sigmund


Innate Abilities, Weirdness & Mutations

Your plain brown scales are hard. (AC +5)
You cannot fit into any form of body armour.
You are cold-blooded and may be slowed by cold attacks.


Message History

You see here a +0 dagger.
Sigmund points at you and mumbles some strange words.
The puff of flame misses you.
Casting: Beastly Appendage (safe; 7% risk of failure)
Confirm with . or Enter, or press ? or * to list all spells.
The spell is extremely dangerous to cast (36% risk of failure)!
Continue anyway?
You turn into a venomous arachnid creature.
Your +2 cloak melds into your body.
Sigmund points at you and mumbles some strange words.
You are confused.
Sigmund gestures wildly while chanting.
Sigmund flickers and vanishes!
Deactivating autopickup; reactivate with Ctrl-A.
You're too confused to move!
Your transformation is almost over.
Something hits you!
You bump into the rock wall.
Something hits you. Something hits you.
You bump into the rock wall.
Something hits you!
* * * LOW HITPOINT WARNING * * *
You bump into the rock wall.
You feel less confused. Something barely misses you.
You barely miss something. Something barely misses you.
You bite something! Something completely misses you.
You completely miss something. Something barely misses you.
It was a potion of brilliance.
You feel clever all of a sudden. Something hits you.
* * * LOW HITPOINT WARNING * * *
It was a potion of curing.
You feel better.
Your transformation has ended.
Your +2 cloak unmelds from your body.
Something hits you!
* * * LOW HITPOINT WARNING * * *
You hit something.
You hear some strange, mumbled words.
Something tries to affect you, but you resist.
You barely miss something. Something hits you but does no damage.
You barely miss something. Something hits you.
You die...

#########
###
#....@{.#
..#
#.#####.#
..# #.#
#.# ..#
#.# #.#
..# #.#
#)# ..#
#.#####@#
#.#
#.#.....#
#.#
#.#@#####
#.###
#.#<..#


There were no monsters in sight!

Vanquished Creatures
  3 bats
  3 endoplasms
  4 giant cockroaches
  4 goblins
  5 hobgoblins
  A quokka (D:2)
  3 ball pythons
  4 frilled lizards
  4 kobolds
  4 rats
35 creatures vanquished.

Notes
Turn   | Place    | Note
-------+----------+-------------------------------------------
     0 | D:1      | pkoi the Draconian Transmuter began the quest for the Orb.
     0 | D:1      | Reached XP level 1. HP: 16/16 MP: 3/3
     6 | D:1      | Found Hysaluv's General Store.
   395 | D:1      | Reached XP level 2. HP: 23/23 MP: 5/5
   746 | D:1      | Found a faded altar of an unknown god.
  1083 | D:2      | Noticed Sigmund
  1546 | D:2      | Reached XP level 3. HP: 25/28 MP: 6/6
  1651 | D:2      | Learned a level 3 spell: Spider Form
  2300 | D:2      | HP: 1/28 [something (2)]
  2304 | D:2      | Slain by Sigmund

Illustrated notes

Levels and vault maps discovered:
D:1:      dpeg_arrival_pits, layout_loops_ring, basic_ecumenical_altar,
          serial_shops, shop_statue
D:2:      layout_basic, uniq_sigmund

Action                   || total
-------------------------++-------
Melee: Unarmed           ||   161
       Tailslap          ||     7
 Cast: Beastly Appendage ||     1
       Spider Form       ||     1
  Use: Scroll            ||     4
       Potion            ||     2
 Stab: Sleeping          ||     1
Armor: Skin              ||    55
Dodge: Dodged            ||   109
